 Dungeon Crawl Stone Soup version 0.30-a0-141-g30f27751c5 (webtiles) character file.

Game seed: 17815267297689942532

4025 qw the Cleaver (level 10, -3/64 HPs)
             Began as a Gargoyle Fighter on Sept 25, 2022.
             Was a Priest of Okawaru.
             Slain by a cane toad (17 damage)
             ... on level 1 of the Lair of Beasts.
             The game lasted 00:03:04 (7523 turns).

qw the Cleaver (Gargoyle Fighter)                   Turns: 7523, Time: 00:03:04

Health: -3/64      AC: 18    Str: 20 (23) XL:     10   Next: 24%
Magic:  12/13      EV:  9    Int:  7 (10) God:    Okawaru [***...]
Gold:   544        SH: 10    Dex:  7 (9)  Spells: 9/9 levels left

rFire   . . .      SeeInvis .    Y - +1 war axe
rCold   . . .      Faith    .    c - +0 buckler
rNeg    + . .      Spirit   .    e - +0 chain mail
rPois   inf        Reflect  +    (no helmet)
rElec   +          Harm     .    (no cloak)
rCorr   .          Rampage  .    (no gloves)
Will    .....                    (no boots)
Stlth   ..........               i - amulet of reflection
HPRegen 0.20/turn                (no ring)
MPRegen 0.13/turn                (no ring)

@: about to teleport, heroic, marked
A: sickness immunity, AC +7, negative energy resistance 1, electricity
resistance, torment resistance 1, petrification resistance
a: Renounce Religion, Heroism


You were on level 1 of the Lair of Beasts.
You worshipped Okawaru.
Okawaru was most pleased with you.
You visited 3 branches of the dungeon, and saw 10 of its levels.
You also visited: Ossuary.

You collected 544 gold pieces.


Innate Abilities, Weirdness & Mutations

You are immune to sickness and miasma.
Your stone body is resilient. (AC +7)
You are immune to poison.
You resist negative energy. (rN+)
You are resistant to electric shocks. (rElec)
You are resistant to unholy torment.
You are immune to petrification.


   Skills:
 - Level 8.0(13.0) Fighting
 - Level 10.1(15.1) Axes
 - Level 1.6(6.6) Throwing
 + Level 4.9(9.9) Armour
 - Level 1.6(6.6) Dodging
 - Level 5.0(10.0) Shields
 - Level 4.1 Invocations


You had 9 spell levels left.
You didn't know any spells.
Your spell library was empty.

Inventory:

Hand Weapons
 o - a +0 flail
 Y - a +1 war axe (weapon)
Missiles
 g - 2 boomerangs (quivered)
Armour
 c - a +0 buckler (worn)
 e - a +0 chain mail (worn)
 j - the +1 robe "Gufatuto" {rPois rF+++ rC- Dex-2}
   (You found it on level 2 of the Dungeon)

   Dex:       It affects your dexterity (-2).
   rF:        It renders you almost immune to fire.
   rC:        It makes you vulnerable to cold.
   rPois:     It protects you from poison.
Jewellery
 i - an amulet of reflection (around neck)
Scrolls
 a - 2 scrolls of identify
 n - 4 scrolls of teleportation
Potions
 d - 4 potions of might
 f - a potion of magic
 h - a potion of attraction
 k - 2 potions of mutation
 l - 2 potions of cancellation
 m - 4 potions of heal wounds
 s - 3 potions of lignification
 t - 4 potions of curing

Dungeon Overview and Level Annotations

Branches:
Dungeon (8/15)             Temple (1/1) D:5            Lair (1/5) D:8
Ossuary (visited)

Altars:
Ashenzari
Cheibriados
Dithmenos
Elyvilon
Fedhas
Gozag
Kikubaaqudgha
Makhleb
Nemelex Xobeh
Okawaru
Qazlal
Ru
Trog
Uskayaw
Vehumet
Wu Jian
Xom
Yredelemnul
Zin
The Shining One

Annotations:
D:5 1 runed translucent door, qw's ghost, novice GrFi
D:8 1 runed translucent door


Message History

The yak is almost dead.
You hit the yak but do no damage. The yak gores you but does no damage.
The yak gores you.
You slash the yak!
You kill the yak!
Okawaru accepts your kill.
You completely miss the yak. You slash the yak! You block the yak's attack.
The yak barely misses you.
You hit the yak but do no damage.
The yak is moderately wounded.
You barely miss the yak. The yak gores you. The yak barely misses you.
You slice the yak!!
The yak is almost dead.
You closely miss the yak. You block the yak's attack. The yak gores you!
You slice the yak!!
You kill the yak!
Okawaru accepts your kill.
Okawaru will now gift you throwing weapons as you gain piety.
You slash the cane toad! You hit the yak.
The cane toad stings you but does no damage.
A cane toad comes into view.
You slash the cane toad!
The cane toad is heavily wounded.
You barely miss the yak. You block the cane toad's attack. The yak gores you!
You hit the cane toad.
The cane toad is heavily wounded.
You slash the yak! The cane toad barely misses you. The yak barely misses you.
You hit the cane toad but do no damage.
The cane toad is heavily wounded.
You slash the yak! The cane toad stings you! You block the yak's attack.
7523 ||| READING 5 scrolls of teleportation.
As you read the scroll of teleportation, it crumbles to dust.
You feel strangely unstable. The cane toad stings you!
You die...

#......
#.....#
##.....#
...F..# #.
#.....#...
#.........
##Y........
#.%@F......
#.#....#.##
# ##.### ##


You could see a yak and 2 cane toads.

Vanquished Creatures
  A two-headed ogre (D:7)
  Sigmund (D:3)
  2 yaks (Lair:1)
  2 water moccasins (D:7)
  2 black bears
  2 orc warriors (D:8)
  An ice beast (D:5)
  An ogre (D:6)
  2 centaurs
  A phantom (D:5)
  3 elf zombies (Ossuary)
  Blork the orc (D:5)
  A bullfrog (D:8)
  3 scorpions
  4 necrophages
  A gnoll sergeant (D:8)
  4 killer bees (D:8)
  A howler monkey (D:8)
  A centaur zombie (Ossuary)
  2 hounds
  2 jellies
  8 human zombies (Ossuary)
  4 orc priests
  5 orc wizards
  2 iguanas (D:4)
  3 mummies (Ossuary)
  7 gnolls
  10 adders
  A shadow imp (D:8)
  5 dart slugs
  21 orcs
  4 bats
  10 endoplasms
  6 goblins
  4 hobgoblins
  11 jackals
  5 quokkas
  7 ball pythons
  6 frilled lizards
  8 kobolds
  3 rats
168 creatures vanquished.

Notes
Turn   | Place    | Note
-------+----------+-------------------------------------------
     0 | D:1      | qw the Gargoyle Fighter began the quest for the Orb.
     0 | D:1      | Reached XP level 1. HP: 14/14 MP: 1/1
     0 | D:1      | 0 ||| qw: Version: 0.2-a-10-g399e6c4
     0 | D:1      | 0 ||| qw: Game counter: 278
     0 | D:1      | 0 ||| qw: Always use a shield: true
     0 | D:1      | 0 ||| qw: God list: Okawaru
     0 | D:1      | 0 ||| qw: Allow faded altars: false
     0 | D:1      | 0 ||| qw: Do Orc after D:15 true
     0 | D:1      | 0 ||| qw: Do second Lair branch before Depths: true
     0 | D:1      | 0 ||| qw: Lair rune preference: random
     0 | D:1      | 0 ||| qw: Plans: Normal, Zot:1-4, God:TSO, Crypt, Tomb,
                  | Pan, Slime:5, Hells, Abyss, Orb
     0 | D:1      | 0 ||| PLANNING D:1-11
    18 | D:1      | 18 ||| Stepping ~*~*~tactically~*~*~ (hiding).
    28 | D:1      | Reached skill level 2 in Axes
   259 | D:1      | 259 ||| Stepping ~*~*~tactically~*~*~ (stealth).
   333 | D:1      | Reached XP level 2. HP: 14/19 MP: 2/2
   621 | D:1      | 621 ||| Stepping ~*~*~tactically~*~*~ (stealth).
   771 | D:1      | Reached skill level 3 in Axes
   937 | D:1      | Reached XP level 3. HP: 20/23 MP: 3/3
   981 | D:1      | 981 ||| Stepping ~*~*~tactically~*~*~ (hiding).
   982 | D:1      | 982 ||| Stepping ~*~*~tactically~*~*~ (hiding).
  1264 | D:1      | 1264 ||| UPGRADING to amulet of reflection.
  1269 | D:1      | 1269 ||| READING 2 scrolls labelled POTUTOADGHOL.
  1270 | D:1      | 1270 ||| READING scroll labelled QEBICI OSAOZUD.
  1409 | D:2      | Identified the +1 robe "Gufatuto" {rPois rF+++ rC- Dex-2}
  1511 | D:2      | Found a faded altar of an unknown god.
  1616 | D:2      | 1616 ||| Stepping ~*~*~tactically~*~*~ (stealth).
  1629 | D:2      | Reached XP level 4. HP: 28/28 MP: 4/4
  1692 | D:2      | 1692 ||| Stepping ~*~*~tactically~*~*~ (stealth).
  1699 | D:2      | 1699 ||| Stepping ~*~*~tactically~*~*~ (stealth).
  1705 | D:2      | 1705 ||| Stepping ~*~*~tactically~*~*~ (stealth).
  1709 | D:2      | Reached skill level 4 in Axes
  2038 | D:2      | 2038 ||| READING scroll labelled PIPAL PISARUE.
  2039 | D:2      | 2039 ||| READING scroll labelled LEXKOFF PEHAA.
  2042 | D:2      | 2042 ||| DRINKING 2 fizzy dark potions.
  2043 | D:2      | 2043 ||| READING 2 scrolls of identify.
  2043 | D:2      | 2043 ||| IDENTIFYING blue potion
  2051 | D:3      | 2051 ||| STAIRDANCE
  2067 | D:3      | 2067 ||| STAIRDANCE
  2277 | D:3      | Reached XP level 5. HP: 32/32 MP: 5/5
  2433 | D:3      | Found a glowing silver altar of Zin.
  2433 | D:3      | Noticed an angel
  2559 | D:3      | Noticed Sigmund
  2560 | D:3      | 2560 ||| Stepping ~*~*~tactically~*~*~ (hiding).
  2581 | D:3      | Killed Sigmund
  2582 | D:3      | Reached skill level 5 in Axes
  2582 | D:3      | Reached XP level 6. HP: 23/37 MP: 6/6
  2799 | D:3      | Found an ornate altar of the Wu Jian Council.
  2840 | D:3      | 2840 ||| DROPPING ring of flight.
  2841 | D:3      | 2841 ||| READING 2 scrolls labelled IRAETO EHUAMASS.
  2842 | D:3      | 2842 ||| READING scroll labelled ETHRUCHAARU.
  2843 | D:3      | 2843 ||| READING scroll labelled LAOFEP SUESH.
  2844 | D:3      | 2844 ||| DROPPING scroll of immolation.
  2926 | D:4      | 2926 ||| Stepping ~*~*~tactically~*~*~ (stealth).
  2930 | D:4      | 2930 ||| Stepping ~*~*~tactically~*~*~ (stealth).
  3000 | D:4      | 3000 ||| Stepping ~*~*~tactically~*~*~ (stealth).
  3105 | D:4      | 3105 ||| Stepping ~*~*~tactically~*~*~ (hiding).
  3246 | D:4      | 3246 ||| DROPPING +0 whip.
  3274 | D:4      | Reached skill level 1 in Dodging
  3362 | D:4      | Reached skill level 6 in Axes
  3362 | D:4      | Reached XP level 7. HP: 40/43 MP: 7/7
  3400 | D:4      | 3400 ||| Stepping ~*~*~tactically~*~*~ (stealth).
  3403 | D:4      | 3403 ||| Stepping ~*~*~tactically~*~*~ (stealth).
  3404 | D:4      | 3404 ||| Stepping ~*~*~tactically~*~*~ (stealth).
  3419 | D:4      | 3419 ||| FLEEEEING.
  3420 | D:4      | 3420 ||| FLEEEEING.
  3421 | D:4      | 3421 ||| Stepping ~*~*~tactically~*~*~ (stealth).
  3422 | D:4      | 3422 ||| FLEEEEING.
  3423 | D:4      | 3423 ||| FLEEEEING.
  3424 | D:4      | 3424 ||| FLEEEEING.
  3425 | D:4      | 3425 ||| FLEEEEING.
  3426 | D:4      | 3426 ||| FLEEEEING.
  3427 | D:4      | 3427 ||| FLEEEEING.
  3428 | D:4      | 3428 ||| FLEEEEING.
  3429 | D:4      | 3429 ||| FLEEEEING.
  3431 | D:4      | 3431 ||| FLEEEEING.
  3432 | D:4      | 3432 ||| FLEEEEING.
  3433 | D:4      | 3433 ||| FLEEEEING.
  3434 | D:4      | 3434 ||| FLEEEEING.
  3435 | D:4      | 3435 ||| FLEEEEING.
  3436 | D:4      | 3436 ||| FLEEEEING.
  3437 | D:4      | 3437 ||| FLEEEEING.
  3438 | D:4      | 3438 ||| FLEEEEING.
  3439 | D:4      | 3439 ||| FLEEEEING.
  3440 | D:4      | 3440 ||| FLEEEEING.
  3444 | D:4      | 3444 ||| FLEEEEING.
  3445 | D:4      | 3445 ||| FLEEEEING.
  3451 | D:4      | 3451 ||| FLEEEEING.
  3452 | D:4      | 3452 ||| FLEEEEING.
  3453 | D:4      | 3453 ||| FLEEEEING.
  3454 | D:4      | 3454 ||| FLEEEEING.
  3459 | D:4      | 3459 ||| FLEEEEING.
  3460 | D:4      | 3460 ||| FLEEEEING.
  3464 | D:4      | 3464 ||| FLEEEEING.
  3465 | D:4      | 3465 ||| FLEEEEING.
  3466 | D:4      | 3466 ||| FLEEEEING.
  3467 | D:4      | 3467 ||| FLEEEEING.
  3468 | D:4      | 3468 ||| FLEEEEING.
  3469 | D:4      | 3469 ||| FLEEEEING.
  3470 | D:4      | 3470 ||| FLEEEEING.
  3473 | D:4      | 3473 ||| STAIRDANCE
  3504 | D:3      | 3504 ||| DRINKING 2 murky coppery potions.
  3903 | D:5      | Entered Level 5 of the Dungeon
  3954 | D:5      | 3954 ||| Stepping ~*~*~tactically~*~*~ (stealth).
  3957 | D:5      | 3957 ||| Stepping ~*~*~tactically~*~*~ (stealth).
  3959 | D:5      | 3959 ||| Stepping ~*~*~tactically~*~*~ (hiding).
  3968 | D:5      | Reached skill level 7 in Axes
  4100 | D:5      | Reached skill level 1 in Throwing
  4136 | D:5      | Reached XP level 8. HP: 46/48 MP: 8/8
  4152 | D:5      | Noticed Blork the orc
  4165 | D:5      | Killed Blork the orc
  4331 | D:5      | Found a runed translucent door.
  4333 | D:5      | Noticed qw's ghost (novice GrFi)
  4612 | D:5      | 4612 ||| Stepping ~*~*~tactically~*~*~ (stealth).
  4794 | D:5      | Found a staircase to the Ecumenical Temple.
  4795 | D:5      | 4795 ||| PLANNING TEMPLE
  4795 | D:5      | 4795 ||| Stepping ~*~*~tactically~*~*~ (stealth).
  4796 | D:5      | 4796 ||| READING scroll labelled VEWECHEADE.
  4797 | D:5      | 4797 ||| Stepping ~*~*~tactically~*~*~ (stealth).
  4798 | D:5      | 4798 ||| Stepping ~*~*~tactically~*~*~ (stealth).
  4799 | D:5      | 4799 ||| DRINKING 2 inky potions.
  4800 | D:5      | 4800 ||| DRINKING 2 glowing black potions.
  4852 | D:5      | 4852 ||| DROPPING potion of flight.
  4864 | Temple   | Entered the Ecumenical Temple
  4865 | Temple   | 4865 ||| PLANNING OKAWARU WORSHIP
  4871 | Temple   | Became a worshipper of Warmaster Okawaru
  4872 | Temple   | 4872 ||| PLANNING D:1-11
  5144 | D:6      | Reached skill level 8 in Axes
  5193 | D:6      | 5193 ||| Stepping ~*~*~tactically~*~*~ (stealth).
  5234 | D:6      | Reached skill level 6 in Fighting
  5757 | D:6      | 5757 ||| DROPPING +0 leather armour of cold resistance.
  5758 | D:6      | 5758 ||| DROPPING ring of wizardry.
  5759 | D:6      | 5759 ||| READING scroll labelled ECIUDYXKASU.
  5760 | D:6      | 5760 ||| DRINKING 2 fuming sapphire potions.
  5886 | D:7      | Reached * piety under Okawaru
  5887 | D:7      | Reached XP level 9. HP: 56/56 MP: 9/9
  5950 | D:7      | 5950 ||| INVOKING Heroism.
  5976 | D:7      | Found a snail-covered altar of Cheibriados.
  6002 | D:7      | Reached skill level 1 in Invocations
  6038 | D:7      | 6038 ||| Stepping ~*~*~tactically~*~*~ (hiding).
  6041 | D:7      | 6041 ||| INVOKING Heroism.
  6085 | D:7      | 6085 ||| INVOKING Heroism.
  6087 | D:7      | Reached skill level 9 in Axes
  6283 | D:7      | Noticed a two-headed ogre
  6284 | D:7      | 6284 ||| INVOKING Heroism.
  6292 | D:7      | Killed a two-headed ogre
  6487 | D:7      | 6487 ||| READING scroll labelled VOUPSE FEUGRIM.
  6488 | D:7      | 6488 ||| DRINKING 3 amethyst potions.
  6489 | D:7      | 6489 ||| READING 2 scrolls of identify.
  6489 | D:7      | 6489 ||| IDENTIFYING red potion
  6495 | D:8      | 6495 ||| PLANNING OSSUARY
  6507 | D:8      | 6507 ||| INVOKING Heroism.
  6529 | D:8      | 6529 ||| INVOKING Heroism.
  6531 | D:8      | Reached ** piety under Okawaru
  6680 | D:8      | Found a staircase to the Lair.
  6799 | D:8      | 6799 ||| Stepping ~*~*~tactically~*~*~ (stealth).
  6801 | D:8      | 6801 ||| Stepping ~*~*~tactically~*~*~ (stealth).
  6803 | D:8      | 6803 ||| Stepping ~*~*~tactically~*~*~ (hiding).
  6804 | D:8      | 6804 ||| Stepping ~*~*~tactically~*~*~ (hiding).
  6857 | D:8      | 6857 ||| Stepping ~*~*~tactically~*~*~ (hiding).
  6894 | D:8      | 6894 ||| FLEEEEING.
  6929 | D:8      | 6929 ||| Stepping ~*~*~tactically~*~*~ (stealth).
  6958 | D:8      | 6958 ||| Stepping ~*~*~tactically~*~*~ (hiding).
  6959 | D:8      | 6959 ||| Stepping ~*~*~tactically~*~*~ (hiding).
  7035 | D:8      | Found a runed translucent door.
  7072 | D:8      | 7072 ||| Stepping ~*~*~tactically~*~*~ (hiding).
  7077 | D:8      | 7077 ||| INVOKING Heroism.
  7083 | D:8      | Reached skill level 10 in Axes
  7166 | D:8      | Found a flagged portal.
  7192 | D:8      | Found a sand-covered staircase.
  7193 | D:8      | 7193 ||| UPGRADING to +0 chain mail.
  7203 | D:8      | 7203 ||| DROPPING +0 scale mail.
  7204 | D:8      | 7204 ||| DROPPING +0 leather armour of cold resistance.
  7205 | D:8      | 7205 ||| READING 2 scrolls of identify.
  7205 | D:8      | 7205 ||| IDENTIFYING cyan potion
  7206 | D:8      | 7206 ||| DROPPING potion of ambrosia.
  7211 | Ossuary  | Entered an ossuary
  7219 | Ossuary  | 7219 ||| INVOKING Heroism.
  7228 | Ossuary  | Reached XP level 10. HP: 61/63 MP: 11/13
  7283 | Ossuary  | 7283 ||| Stepping ~*~*~tactically~*~*~ (stealth).
  7285 | Ossuary  | 7285 ||| INVOKING Heroism.
  7358 | Ossuary  | 7358 ||| Stepping ~*~*~tactically~*~*~ (stealth).
  7360 | Ossuary  | 7360 ||| INVOKING Heroism.
  7444 | Ossuary  | 7444 ||| READING scroll labelled KAKYDU HO HILI.
  7445 | Ossuary  | 7445 ||| DRINKING 2 sedimented clear potions.
  7446 | Ossuary  | 7446 ||| DRINKING 2 purple potions.
  7447 | Ossuary  | 7447 ||| DROPPING potion of degeneration.
  7448 | Ossuary  | 7448 ||| DROPPING potion of brilliance.
  7461 | D:8      | 7461 ||| PLANNING LAIR
  7509 | Lair:1   | Entered Level 1 of the Lair of Beasts
  7512 | Lair:1   | Noticed a cane toad
  7513 | Lair:1   | 7513 ||| INVOKING Heroism.
  7519 | Lair:1   | Reached *** piety under Okawaru
  7519 | Lair:1   | Noticed a cane toad
  7522 | Lair:1   | HP: 14/64 [cane toad (16)]
  7523 | Lair:1   | 7523 ||| READING 5 scrolls of teleportation.
  7523 | Lair:1   | Slain by a cane toad

Levels and vault maps discovered:
D:1:      minmay_arrival_arboretum_small, layout_basic, serial_forest,
          infiniplex_forest_straight_5, infiniplex_forest_straight_4,
          infiniplex_forest_lined_room_2, infiniplex_forest_clump_curved,
          infiniplex_forest_corner_1, infiniplex_forest_clump_long, st_stairs_2
D:2:      layout_basic, chequers_ecumenical_altar_simple_redux
D:3:      layout_basic, zin_angel, nzn_wu_jian_contemplation, uniq_sigmund
D:4:      layout_loops_ring, minmay_vboxes
D:5:      layout_cave_pods, minmay_temple_entry_poolview,
          hellmonk_ghost_happy_afterlife, uniq_blork_the_orc
D:6:      layout_cave_pods, minmay_misc_feat_secret_circle
D:7:      layout_cave_pools, cheibriados_altar_1, item_on_display_a
D:8:      layout_basic, lair_entry_dummy, enter_bailey_1, enter_ossuary_5,
          lightli_church_of_beogh
Temple:   sentei_temple_godly_chess
Lair:1:   layout_gridlike, dreamdust_mushroom_princess,
          minmay_stone_trees_small, nicolae_lair_lindhole

Skill      XL: |  1  2  3  4  5  6  7  8  9 10 |
---------------+-------------------------------+-----
Axes           | 2 3 4 5 6 7 8 10 | 10.1
Fighting       | 4 6 7 8 |  8.0
Dodging        | 1 |  1.6
Throwing       | 1 |  1.6
Invocations    | 4 |  4.1
Shields        | 5 |  5.0
Armour         | 4 |  4.9

Action                   |  1- 3 |  4- 6 |  7- 9 | 10-12 || total
-------------------------+-------+-------+-------+-------++-------
Melee: War axe           |   117 |   125 |   265 |   123 ||   630
Throw: Boomerang         |     4 |    33 |    60 |     4 ||   101
Invok: Heroism           |       |       |     8 |     3 ||    11
  Use: Scroll            |     2 |     6 |     5 |     2 ||    15
       Potion            |       |     1 |     5 |     2 ||     8
Armor: Scale mail        |    57 |    54 |   129 |       ||   240
       Skin              |       |       |     1 |       ||     1
       Chain mail        |       |       |     1 |    30 ||    31
Dodge: Dodged            |    51 |    41 |   107 |    20 ||   219
Block: Buckler           |    42 |    51 |   121 |    38 ||   252
       Reflection        |     1 |     3 |     9 |       ||    13

Table legend:
 A = Non-vault XP
 B = Vault XP
 C = Vault XP percentage of total XP
 D = Non-vault monster count
 E = Vault monster count
 F = Vault count percentage of total count
                 A         B        C        D         E       F
            +---------+---------+-------+---------+---------+-------
      Total |    4611 |    1140 |  19.8 |     142 |      26 |  15.5
            +---------+---------+-------+---------+---------+-------
        D:1 |      43 |       3 |   6.5 |      22 |       2 |   8.3
        D:2 |     105 |       0 |   0.0 |      24 |       0 |   0.0
        D:3 |      36 |     223 |  86.1 |      12 |       1 |   7.7
        D:4 |     355 |      92 |  20.6 |      20 |       7 |  25.9
        D:5 |     660 |      94 |  12.5 |      16 |       1 |   5.9
        D:6 |     566 |       0 |   0.0 |       8 |       0 |   0.0
        D:7 |    1415 |       0 |   0.0 |      14 |       0 |   0.0
        D:8 |    1027 |       0 |   0.0 |      24 |       0 |   0.0
     Lair:1 |     404 |       0 |   0.0 |       2 |       0 |   0.0
    Ossuary |       0 |     728 | 100.0 |       0 |      15 | 100.0
            +---------+---------+-------+---------+---------+-------
